 Dungeon Crawl Stone Soup version 0.31.0-12-g77e489cdc1 (webtiles) character file.

Game seed: 6080062073214945715

7277 Silvore the Cleaver (level 10, 0/90 HPs)
             Began as a Minotaur Fighter on Feb 22, 2024.
             Was a High Priest of Okawaru.
             Shot with an arrow by a centaur (10 damage)
             ... on level 10 of the Dungeon.
             The game lasted 00:09:57 (9783 turns).

Silvore the Cleaver (Minotaur Fighter)              Turns: 9783, Time: 00:09:58

Health: 0/90       AC: 12    Str: 26    XL:     10   Next: 89%
Magic:  9/9        EV: 11    Int:  5    God:    Okawaru [*****.]
Gold:   741        SH:  0    Dex:  9    Spells: 9/9 levels left

rFire   . . .        a - +0 war axe
rCold   . . .        c - +0 buckler
rNeg    . . .        b - +0 scale mail
rPois   .            (helmet restricted)
rElec   .            l - +0 cloak
rCorr   .            (no gloves)
SInv    .            r - +1 pair of boots
Will    .....        (no amulet) Stlth
                     n - ring of flight
HPRegen 0.35/turn    j - +5 ring of evasion
MPRegen 0.11/turn

%: no passive effects
@: about to teleport, flying, held, slowed, very slow
A: horns 2, retaliatory headbutt
a: Renounce Religion, Heroism, Finesse, Duel


You were on level 10 of the Dungeon.
You worshipped Okawaru.
Okawaru was extremely pleased with you.
You visited 2 branches of the dungeon, and saw 11 of its levels.

You collected 741 gold pieces.

Inventory:

Hand Weapons
 a - a +0 war axe (weapon)
Missiles
 C - 3 throwing nets (quivered)
Armour
 b - a +0 scale mail (worn)
 c - a +0 buckler (worn)
 l - a +0 cloak (worn)
 r - a +1 pair of boots (worn)
 s - the +1 leather armour of the Pink Corner {+Inv rF++ Will+ SInv}
   (You found it on level 5 of the Dungeon)

   rF++:      It greatly protects you from fire.
   Will+:     It increases your willpower.
   SInv:      It lets you see invisible.
   +Inv:      It lets you turn invisible.
Jewellery
 j - a +5 ring of evasion (right hand)
 m - a ring of poison resistance
 n - a ring of flight (left hand)
 D - a ring of magical power
Wands
 v - a wand of paralysis (13)
 x - a wand of iceblast (18)
 z - a wand of flame (12)
Scrolls
 e - 2 scrolls of fog
 g - 2 scrolls of vulnerability
 h - 2 scrolls of amnesia
 o - a scroll of noise
 q - a scroll of immolation
 u - 3 scrolls of teleportation
 w - 2 scrolls of revelation
 y - 5 scrolls of identify
 A - a scroll of blinking
Potions
 d - 5 potions of might
 f - 2 potions of brilliance
 i - 2 potions of lignification
 k - 2 potions of mutation
 p - a potion of enlightenment
 t - 6 potions of curing
 B - a potion of attraction
 E - a potion of ambrosia {unknown}


   Skills:
 + Level 8.8 Fighting
 + Level 13.8 Axes
 + Level 9.4 Armour
 + Level 4.7 Dodging
 + Level 2.3 Stealth
 + Level 6.9 Shields


You had 9 spell levels left.
You didn't know any spells.
Your spell library contained the following spells:

 Spells                   Type           Power      Damage    Failure   Level
 Foxfire                  Conj/Fire      0%         2x1d4     77%         1
 Sting                    Conj/Alch      0%         1d3       77%         1
 Blink                    Tloc           0%         N/A       88%         2
 Lesser Beckoning         Tloc           0%         N/A       88%         2
 Mercury Vapours          Alch/Air       0%         N/A       88%         2
 Momentum Strike          Conj/Tloc      0%         3d8       88%         2
 Sublimation of Blood     Necr           0%         N/A       88%         2
 Gell's Gravitas          Tloc           0%         N/A       98%         3
 Inner Flame              Hex/Fire       0%         N/A       98%         3
 Mephitic Cloud           Conj/Alch/Air  0%         N/A       98%         3
 Teleport Other           Tloc           0%         N/A       98%         3
 Flame Wave               Conj/Fire      0%         2d4       100%        4
 Olgreb's Toxic Radiance  Alch           0%         N/A       100%        4
 Passage of Golubria      Tloc           0%         N/A       100%        4
 Sticky Flame             Fire/Alch      0%         2d4       100%        4
 Yara's Violent Unravell  Hex/Alch       0%         3d3       100%        5
 Call Imp                 Summ           Unusable   N/A       N/A         2
 Tukima's Dance           Hex            Unusable   N/A       N/A         3
 Malign Gateway           Summ/Tloc      Unusable   N/A       N/A         7
 Summon Hydra             Summ           Unusable   N/A       N/A         7
 Summon Horrible Things   Summ           Unusable   N/A       N/A         8

Dungeon Overview and Level Annotations

Branches:
Dungeon (10/15)            Temple (1/1) D:4            Lair (0/5) D:10
    Orc: D:9-12

Altars:
Ashenzari
Cheibriados
Dithmenos
Elyvilon
Fedhas
Gozag
Hepliaklqana
Kikubaaqudgha
Makhleb
Nemelex Xobeh
Okawaru
Qazlal
Ru
Sif Muna
Trog
Uskayaw
Vehumet
Wu Jian
Xom
Yredelemnul
Zin
The Shining One

Annotations:
D:6 3 runed translucent doors, Dvallin's ghost, novice DrSh


Innate Abilities, Weirdness & Mutations

You have a pair of horns on your head.
You reflexively headbutt those who attack you in melee.


Message History

The gnoll sergeant barely misses you. The centaur misses you. x2
You hit the centaur but do no damage.
The centaur is severely wounded.
You barely miss the kobold brigand.
The centaur hits you but does no damage.
You block the centaur's attack.
The merfolk hits you from afar with a +0 trident.
The gnoll sergeant hits you from afar with a +0 trident.
The kobold brigand closely misses you. The centaur barely misses you.
The centaur misses you.
The merfolk hits you from afar with a +0 trident!
You slash the kobold brigand!
The kobold brigand is almost dead.
You hit the centaur but do no damage. You block the gnoll sergeant's attack.
You block the kobold brigand's attack.
The centaur hits you but does no damage.
The centaur kicks you but does no damage.
The merfolk hits you but does no damage.
The gnoll sergeant closely misses you. The centaur misses you.
The centaur closely misses you. The kobold brigand misses you.
You miss the kobold brigand.
The kobold brigand is almost dead.
You hit the centaur. You block the centaur's attack.
The centaur completely misses you.
The merfolk hits you from afar with a +0 trident!!
* * * LOW HITPOINT WARNING * * *
The gnoll sergeant hits you from afar with a +0 trident!
* * * LOW HITPOINT WARNING * * *
The kobold brigand hits you with a +0 dagger.
* * * LOW HITPOINT WARNING * * *
Okay, then.
Blink to where?
Press: ? - help, Dir - move target
As you read the scroll of blinking, it crumbles to dust.
The centaur throws a throwing net.
The throwing net hits you.
You become entangled in the net!
The centaur wields a +3 orcbow.
The centaur shoots an arrow.
The arrow barely misses you.
As you read the scroll of teleportation, it crumbles to dust.
You feel strangely unstable.
The centaur shoots an arrow.
The arrow hits you!
You die...

############
≈≈≈≈≈≈≈≈≈≈≈#####
≈≈≈≈≈≈≈≈≈≈≈~...#
############~~.###
# #####~.)@# #
#.#.#.##...#
#.#.#.#.##...#
.........#...###
.....Kg).'.....#
....gmK).#.....#
#.#.#.#c##.....# #
#.#.##.....# #
###~.....#


You could see a centaur.

Vanquished Creatures
  A two-headed ogre (D:9)
  An elephant (D:10)
  Maggie (D:8)
  A kobold demonologist (D:10)
  A troll (D:9)
  A shadow (D:9)
  2 wraiths (D:9)
  A basilisk (D:10)
  3 yaks (D:9)
  2 wyverns (D:9)
  2 steam dragons
  2 water moccasins
  An ice beast (D:6)
  3 black bears
  6 ogres
  5 centaurs
  A phantom (D:5)
  5 kobold brigands
  4 bullfrogs
  A gnoll sergeant (D:5)
  3 scorpions
  6 wights
  A howler monkey (D:9)
  4 bombardier beetles
  2 orc priests
  5 hounds
  2 sleepcaps
  2 jellies (D:6)
  A gnoll bouda (D:9)
  Ijyb (D:5)
  9 iguanas
  4 orc wizards
  Natasha (thrice) (D:3)
  18 gnolls
  8 adders
  A shadow imp (D:6)
  4 ufetubi
  2 dart slugs
  A ribbon worm (D:3)
  23 orcs
  10 endoplasms
  2 giant cockroaches
  7 goblins
  8 hobgoblins
  10 jackals
  3 quokkas
  9 ball pythons
  3 bats
  3 frilled lizards
  14 kobolds
  6 rats
219 creatures vanquished.

Vanquished Creatures (others)
  A kobold brigand (D:8)
  2 kobolds (D:8)
3 creatures vanquished.

Grand Total: 222 creatures vanquished

Notes
Turn   | Place    | Note
-------+----------+-------------------------------------------
     0 | D:1      | Silvore the Minotaur Fighter began the quest for the Orb.
     0 | D:1      | Reached XP level 1. HP: 19/19 MP: 0/0
     5 | D:1      | Found a faded altar of an unknown god.
    14 | D:1      | Reached XP level 2. HP: 13/27 MP: 1/1
   421 | D:1      | Reached XP level 3. HP: 33/33 MP: 2/2
   657 | D:1      | Reached skill level 3 in Axes
  1049 | D:2      | Noticed a black bear
  1061 | D:2      | Killed a black bear
  1062 | D:2      | Reached skill level 4 in Axes
  1062 | D:2      | Reached skill level 1 in Dodging
  1062 | D:2      | Reached XP level 4. HP: 30/41 MP: 3/3
  1062 | D:2      | Reached XP level 5. HP: 34/47 MP: 4/4
  2158 | D:3      | Got Sif Muna's Vademecum on the Viridian Torch
  2281 | D:3      | Identified the +0 scale mail "Teker" {^Contam Harm rN+
                  | Will+}
  2554 | D:3      | Noticed Natasha
  2563 | D:3      | Killed Natasha
  2564 | D:3      | Reached skill level 5 in Axes
  2564 | D:3      | Reached skill level 5 in Armour
  2926 | D:3      | Noticed Natasha
  2930 | D:3      | Killed Natasha
  2931 | D:3      | Reached XP level 6. HP: 55/55 MP: 5/5
  2941 | D:3      | Noticed Natasha
  2944 | D:3      | Killed Natasha
  3032 | D:4      | Found a staircase to the Ecumenical Temple.
  3092 | Temple   | Entered the Ecumenical Temple
  3300 | D:4      | Reached skill level 1 in Stealth
  3402 | D:4      | Reached skill level 6 in Axes
  3664 | D:4      | Reached XP level 7. HP: 60/60 MP: 6/6
  3967 | D:4      | Reached skill level 5 in Fighting
  4062 | D:5      | Entered Level 5 of the Dungeon
  4150 | D:5      | Found a glowing silver altar of Zin.
  4168 | D:5      | Found a radiant altar of Vehumet.
  4184 | D:5      | Reached skill level 7 in Axes
  4202 | D:5      | Identified the +1 leather armour of the Pink Corner {+Inv
                  | rF++ Will+ SInv}
  4206 | D:5      | Found an iron altar of Okawaru.
  4223 | D:5      | Found a sparkling altar of Nemelex Xobeh.
  4408 | D:5      | Became a worshipper of Warmaster Okawaru
  4464 | D:5      | Reached XP level 8. HP: 69/69 MP: 7/7
  4557 | D:5      | Reached skill level 8 in Axes
  4772 | D:5      | Reached skill level 5 in Shields
  4832 | D:5      | Noticed Ijyb
  4847 | D:5      | Killed Ijyb
  5104 | D:6      | Reached * piety under Okawaru
  5114 | D:6      | Reached skill level 9 in Axes
  5606 | D:6      | Found a runed translucent gate.
  5606 | D:6      | Found a runed translucent gate.
  5606 | D:6      | Found a runed translucent gate.
  5608 | D:6      | Noticed a kobold demonologist
  5608 | D:6      | Noticed Dvallin's ghost (novice DrSh)
  5792 | D:6      | Reached ** piety under Okawaru
  5793 | D:6      | Reached XP level 9. HP: 76/78 MP: 8/8
  5825 | D:6      | Reached skill level 10 in Axes
  6562 | D:7      | Found a stormy altar of Qazlal.
  6562 | D:7      | Found a glowing golden altar of the Shining One.
  6562 | D:7      | Found a shadowy altar of Dithmenos.
  6562 | D:7      | Found a basalt altar of Yredelemnul.
  6728 | D:7      | Reached skill level 11 in Axes
  7299 | D:8      | Reached *** piety under Okawaru
  7566 | D:8      | Noticed Maggie
  7577 | D:8      | Killed Maggie
  7578 | D:8      | Reached skill level 12 in Axes
  7701 | D:8      | Found a bloodstained altar of Trog.
  7917 | D:8      | Reached XP level 10. HP: 64/86 MP: 9/9
  8135 | D:9      | Found a shimmering blue altar of Sif Muna.
  8228 | D:9      | Reached **** piety under Okawaru
  8794 | D:9      | Noticed a two-headed ogre
  8804 | D:9      | Killed a two-headed ogre
  8804 | D:9      | Reached ***** piety under Okawaru
  8805 | D:9      | Reached skill level 13 in Axes
  9149 | D:10     | Entered Level 10 of the Dungeon
  9155 | D:10     | Found a staircase to the Lair.
  9155 | D:10     | Noticed an elephant
  9201 | D:10     | Killed an elephant
  9201 | D:10     | Received a gift from Okawaru
  9783 | D:10     | Shot with an arrow by a centaur

Illustrated notes

Levels and vault maps discovered:
D:1:      scummos_arrival_checkerplants, layout_basic,
          hellmonk_ecumenical_altar_dog_temple, hex_intersection,
          roderic_lattice_a
D:2:      cheibrodos_helix_gallery, layout_loops_cross,
          kennysheep_generic_room_9
D:3:      layout_basic, uniq_natasha
D:4:      minmay_general_purpose_star, layout_loops_corners,
          minmay_temple_entry_enclosed_plants
D:5:      layout_loops_ring, nicolae_overflow_macrodata_refinement,
          serial_glass, glass_columns_b, glass_columns_c, glass_columns_a,
          glass_columns_c, glass_columns_b, glass_columns_a, glass_columns_c,
          glass_columns_a, uniq_ijyb
D:6:      minmay_thinvault, layout_cave_pools, gammafunk_ghost_nasty_kobolds,
          minmay_misc_feat_diagonals, chequers_jeans
D:7:      layout_basic, grunt_temple_overflow_cloverleaf
D:8:      layout_basic, mainiacjoe_overflow_cross_hatched,
          chequers_hall_statues_wall_a, uniq_maggie
D:9:      layout_stronghold, mainiacjoe_overflow_small_starburst
D:10:     layout_grid_maze, david_lair_generic, minmay_misc_feat_hallway,
          roadster_trireme
Temple:   minmay_temple_forest_path

Skill      XL: |  1  2  3  4  5  6  7  8  9 10 |
---------------+-------------------------------+-----
Armour         | 4 5 6 7 8 9 |  9.4
Fighting       | 4 5 6 7 8 |  8.8
Axes           | 4 5 6 7 9 12 13 | 13.8
Shields        | 4 5 6 |  6.9
Dodging        | 1 2 3 4 |  4.7
Stealth        | 1 2 |  2.3

Action                     |  1- 3 |  4- 6 |  7- 9 | 10-12 || total
---------------------------+-------+-------+-------+-------++-------
  Melee: War axe           |    73 |   108 |   288 |   122 ||   591
         Headbutt          |     5 |    27 |    56 |    22 ||   110
    Use: Scroll            |     4 |     8 |     8 |     2 ||    22
         Potion            |       |       |     2 |       ||     2
 Armour: Scale mail        |    63 |    44 |   188 |    92 ||   387
  Dodge: Dodged            |    62 |    54 |   224 |   101 ||   441
  Block: Buckler           |    22 |    18 |    76 |    43 ||   159
